 Dungeon Crawl Stone Soup version 0.26.1-11-gd32895ea62 (webtiles) character file.

Game seed: 1374242430358570004

165596 Amplified the Warrior (level 17, -1/158 HPs)
             Began as a Minotaur Transmuter on June 7, 2021.
             Was a Priest of Qazlal.
             Drowned by a water elemental (2 damage)
             ... on level 4 of the Shoals on June 9, 2021.
             The game lasted 00:51:10 (34999 turns).

Amplified the Warrior (Minotaur Transmuter)        Turns: 34999, Time: 00:51:10

Health: -1/158     AC: 31    Str: 23    XL:     17   Next: 28%
Magic:  16/27      EV: 19    Int: 12    God:    Qazlal [***...]
Gold:   1095       SH:  4    Dex: 10    Spells: 15/18 levels left

rFire    + + .     SeeInvis .   y - +9 lance "Wyrmbane" {slay drac, rPois rF+ rC+ AC+3}
rCold    + + .     Faith    +   (no shield)
rNeg     . . .     Spirit   .   m - +6 acid dragon scales "Hurotape" {rCorr Int+2}
rPois    +         Reflect  .   c - +2 hat
rElec    .         Harm     .   H - scarf {rC+ rF+}
rCorr    +         Rampage  .   Q - +1 pair of gloves
Will     ++...                  z - +2 pair of boots
Stlth    +.........             v - amulet of faith
HPRegen  0.36/turn              n - +4 ring of protection
MPRegen  0.20/turn              A - ring of willpower

@: engulfed (cannot breathe)
A: retaliatory headbutt, horns 2
a: Renounce Religion, Upheaval, Elemental Force


You were on level 4 of the Shoals.
You worshipped Qazlal.
Qazlal was most pleased with you.
You visited 6 branches of the dungeon, and saw 30 of its levels.
You also visited: Sewer and Bailey.

You collected 3623 gold pieces.
You spent 2528 gold pieces at shops.

Inventory:

Hand Weapons
 y - the +9 lance "Wyrmbane" (weapon) {slay drac, rPois rF+ rC+ AC+3}
   (You found it on level 6 of the Dungeon)

   It affects your AC (+3).
   It protects you from fire.
   It protects you from cold.
   It protects you from poison.
Missiles
 g - 68 poisoned darts (quivered)
 D - 4 curare-tipped darts
Armour
 c - a +2 hat (worn)
 m - the +6 acid dragon scales "Hurotape" (worn) {rCorr Int+2}
   (You bought it in a shop on level 2 of the Orcish Mines)

   It affects your intelligence (+2).
   It provides partial protection from all sources of acid and corrosion.
 w - the +6 scale mail of the Pirate {rF+}
   (You found it on level 5 of the Dungeon)

   It protects you from fire.
 z - a +2 pair of boots (worn)
 H - a scarf of resistance (worn)
 J - a cursed +0 kite shield of reflection
 Q - a +1 pair of gloves (worn)
Jewellery
 b - a +6 ring of strength
 j - an uncursed ring of protection from cold
 n - a +4 ring of protection (left hand)
 s - an uncursed amulet of the acrobat
 v - an amulet of faith (around neck)
 A - a ring of willpower (right hand)
 E - an uncursed ring of protection from fire
 F - an uncursed amulet of reflection
 W - an uncursed ring of resist corrosion
Wands
 d - a wand of polymorph (15)
 h - a wand of enslavement (15)
 I - a wand of random effects (14)
 M - a wand of flame (36)
 N - a wand of iceblast (23)
 P - a wand of paralysis (27)
Scrolls
 i - 6 scrolls of enchant weapon
 k - 12 scrolls of teleportation
 o - 4 scrolls of amnesia
 p - 14 scrolls of remove curse
 q - a scroll of summoning
 x - 3 scrolls of fog
 K - 2 scrolls of identify
 O - 2 scrolls of holy word
 R - a scroll of blinking
 S - 5 scrolls of magic mapping
Potions
 a - 3 potions of brilliance
 e - a potion of flight
 f - 2 potions of lignification
 l - 2 potions of haste
 r - 3 potions of ambrosia
 t - 3 potions of resistance
 u - 6 potions of mutation
 B - 3 potions of curing
 C - 2 potions of magic
 L - 5 potions of attraction
 X - 4 potions of berserk rage
Miscellaneous
 G - a condenser vane (inert)


   Skills:
 * Level 16.3 Fighting
 - Level 7.0 Maces & Flails
 - Level 12.7 Polearms
 * Level 16.2 Armour
 * Level 15.2 Dodging
 - Level 3.2 Unarmed Combat
 - Level 1.3 Spellcasting
 - Level 1.5 Transmutations
 * Level 15.8 Invocations


You had 15 spell levels left.
You knew the following spells:

 Your Spells              Type           Power        Failure   Level
a - Beastly Appendage     Tmut           8%           19%         1
b - Wereblood             Tmut           4%           26%         2

Your spell library contained the following spells:

 Spells                   Type           Power        Failure   Level
 Animate Skeleton         Necr           0%           32%         1
 Apportation              Tloc           0%           32%         1
 Corona                   Hex            0%           32%         1
 Sandblast                Erth           0%           32%         1
 Summon Small Mammal      Summ           0%           32%         1
 Passwall                 Tmut/Erth      1%           36%         2
 Call Imp                 Summ           0%           45%         2
 Spider Form              Tmut/Pois      1%           58%         3
 Call Canine Familiar     Summ           0%           69%         3
 Gell's Gravitas          Tloc           0%           69%         3
 Portal Projectile        Hex/Tloc       0%           69%         3
 Stone Arrow              Conj/Erth      0%           69%         3
 Summon Guardian Golem    Hex/Summ       0%           69%         3
 Ice Form                 Ice/Tmut       2%           94%         4
 Petrify                  Tmut/Erth      2%           94%         4
 Leda's Liquefaction      Hex/Erth       0%           97%         4
 Summon Ice Beast         Ice/Summ       0%           97%         4
 Summon Lightning Spire   Summ/Air       0%           97%         4
 Blade Hands              Tmut           2%           99%         5
 Bolt of Magma            Conj/Fire/Erth 0%           100%        5
 Iskenderun's Battlesphe  Conj           0%           100%        5
 Lee's Rapid Deconstruct  Erth           0%           100%        5
 Dispersal                Tloc           0%           100%        6
 Iron Shot                Conj/Erth      0%           100%        6
 Statue Form              Tmut/Erth      1%           100%        6
 Orb of Destruction       Conj           0%           100%        7
 Spellforged Servitor     Conj/Summ      0%           100%        7
 Disjunction              Tloc           0%           100%        8


Dungeon Overview and Level Annotations

Branches:
Dungeon (15/15)            Temple (0/1) D:7            Lair (6/6) D:8
 Shoals (4/4) Lair:4        Snake (2/4) Lair:2        Slime (0/5) Lair:6
    Orc (2/2) D:12            Elf (1/3) Orc:2        Vaults (0/5) D:13
 Depths (0/5) D:15          Sewer (visited)          Bailey (visited)

Altars:
Ashenzari
Cheibriados
Dithmenos
Elyvilon
Gozag
Hepliaklqana
Kikubaaqudgha
Nemelex Xobeh
Okawaru
Qazlal
Ru
Trog
Vehumet
Xom
Yredelemnul
Beogh
Lugonu

Shops:
D:6 *   D:11 :   Orc:2 [(*?   Shoals:1 (

Portals:
Abyss: Lair:4

Annotations:
D:13 Look for diggin tool
Lair:4 What.
Shoals:4 Mara
Snake:2 Vashnia
Orc:2 Snake, Shoals, Elf, Vault.


Innate Abilities, Weirdness & Mutations

You reflexively headbutt those who attack you in melee.
You have a pair of horns on your head.


Message History

The merfolk javelineer throws a silver javelin.
The silver javelin pierces through you!!
* * * LOW HITPOINT WARNING * * *
x2
Things that are here:
a silver javelin; a +0 trident; a merfolk corpse You puncture the water elemental!
You headbutt the water elemental!
The water elemental is heavily damaged.
* * * LOW HITPOINT WARNING * * *
Your lungs strain for air!
The water elemental hits you.
Unknown command.
Unknown command.
Unknown command.
Unknown command.
Okay, then.
Okay, then.
You cannot read scrolls while unable to breathe!
You puncture the manticore!
The manticore is lightly wounded.
You die...

≈≈≈≈≈≈H≈≈≈≈≈≈≈≈≈≈≈≈≈≈≈≈≈≈≈≈
≈≈≈≈≈≈≈≈≈≈≈≈≈≈..≈≈≈≈≈≈≈...k
≈≈≈≈≈≈≈≈≈≈≈≈≈≈...≈≈≈≈≈≈≈t.#
≈≈≈≈≈≈≈≈≈§§^.....≈≈≈≈≈≈≈ES#
≈≈≈≈≈≈≈§§≈§§...!≈≈≈≈≈≈≈≈≈..
≈≈≈≈≈≈≈≈§§§###..^m≈≈≈≈(≈≈..
≈≈≈≈≈≈≈≈≈§##*#..≈≈≈≈≈≈(≈(≈.
≈≈≈≈≈≈≈≈§§###..≈≈≈≈≈≈≈≈≈≈≈.
≈≈≈≈≈≈≈≈≈E@...≈≈≈≈≈≈≈≈≈≈≈≈.
≈≈≈≈≈≈≈≈≈H≈≈..≈≈≈≈≈≈...(≈≈≈
≈≈≈≈≈≈≈≈≈§≈≈.≈≈≈≈≈≈P.###...
≈≈≈≈≈≈≈≈≈§≈≈(≈≈≈≈≈≈≈.* ##..
≈≈≈≈≈≈≈§†≈≈≈≈≈≈≈≈≈≈≈,***#.#
≈≈≈≈≈≈≈≈≈≈≈≈≈≈≈≈≈≈≈≈,**,,,,
≈≈≈≈≈≈≈≈≈≈≈≈≈≈≈≈≈≈≈≈,,,****
≈≈≈≈≈≈≈≈≈≈≈≈≈≈≈≈≈≈≈≈,,**,,,
≈≈≈≈≈≈≈≈≈≈≈≈≈≈≈≈≈≈≈≈,,*,,,,


You could see a merfolk javelineer, a manticore and a water elemental.

Vanquished Creatures
  Saint Roka (Orc:2)
  Nikola (Shoals:3)
  Polyphemus (Shoals:2)
  Kirke (Snake:1)
  Donald (Shoals:4)
  A nagaraja (Snake:2)
  An ironheart preserver (D:13)
  A stone giant (Orc:2)
  A deep elf demonologist (Elf:1)
  Snorg (D:11)
  2 merfolk javelineers
  Josephine (Orc:2)
  A deep elf high priest (Elf:1)
  Fannar (Lair:3)
  8 hydras
  A death knight (D:8)
  A merfolk avatar (Shoals:4)
  4 satyrs
  A centaur warrior (D:14)
  An alligator snapping turtle (Shoals:4)
  3 catoblepae
  3 dancing weapons (Orc:2)
  4 merfolk aquamancers
  2 anacondas (Snake:1)
  3 two-headed ogres
  6 death yaks
  A deep troll shaman (Lair:6)
  5 naga sharpshooters
  A shock serpent (Snake:2)
  4 orc high priests
  3 skeletal warriors (D:15)
  12 sea snakes
  2 unseen horrors
  An orange crystal statue (D:14)
  2 lindwurms (Lair:6)
  5 orc knights
  Pikel (D:4)
  22 harpies
  3 deep elf magi
  3 orc sorcerers
  An orb spider (D:10)
  2 mana vipers (Snake:2)
  4 salamanders
  6 ugly things (D:15)
  A wolf spider zombie (D:15)
  5 cyclopes
  14 fauns
  4 merfolk sirens
  4 elephants (Lair:6)
  12 manticores
  2 naga magi (Snake:1)
  A water nymph (Shoals:3)
  14 black mambas
  2 rime drakes
  A gargoyle (D:8)
  A komodo dragon (shapeshifter) (D:15)
  13 cane toads
  A tengu conjurer (D:15)
  10 komodo dragons
  3 polar bears
  4 meliai
  6 trolls
  16 merfolk
  28 blink frogs
  6 wind drakes
  2 hornets
  17 slime creatures
  4 dream sheep (Shoals:2)
  9 snapping turtles
  A centaur simulacrum (D:15)
  Sigmund (D:3)
  3 shadows (D:15)
  4 wyverns
  61 yaks
  12 water elementals
  2 wraiths
  4 hogs (Snake:1)
  Eustachio (D:5)
  6 basilisks
  Edmund (D:4)
  4 vampire mosquitoes (D:13)
  13 nagas
  11 water moccasins
  A warg (Orc:2)
  Duvessa (D:4)
  A black bear (D:7)
  An eye of draining (D:12)
  6 sky beasts
  24 orc warriors
  A hornet zombie (D:6)
  3 ice beasts
  12 ogres
  3 necrophages
  3 phantoms
  13 centaurs
  12 wolves
  A lemure (D:4)
  2 big kobolds
  23 bullfrogs
  A water moccasin zombie (D:11)
  A wyvern zombie (D:8)
  Dowan (D:4)
  4 scorpions
  11 killer bees
  15 wights
  8 howler monkeys
  4 electric eels
  A bullfrog zombie (D:9)
  2 centaur zombies
  A quasit (D:11)
  2 centaur skeletons
  7 jellies
  4 bullfrog skeletons
  21 orc priests
  7 hounds
  26 orc wizards
  Ijyb (D:5)
  3 iguanas
  Natasha (twice) (D:3)
  13 worker ants
  A hound zombie (D:8)
  Robin (D:3)
  A howler monkey zombie (D:5)
  20 gnolls
  A river rat (D:3)
  14 adders
  3 shadow imps
  An ufetubus (D:8)
  10 oozes
  An adder zombie (D:6)
  2 adder skeletons
  5 worms
  4 dart slugs
  19 leopard geckos
  118 orcs
  3 bats
  16 giant cockroaches
  11 goblins
  24 hobgoblins
  6 jackals
  28 kobolds
  5 quokkas
  5 ball pythons
  20 frilled lizards
  A leopard gecko zombie (D:9)
  12 rats
  A rat zombie (D:3)
1009 creatures vanquished.

Vanquished Creatures (collateral kills)
  Bai Suzhen (Shoals:3)
  Jorgrun (Orc:2)
  Roxanne (D:15)
  An orc warlord (Orc:1)
  An orc high priest (Orc:1)
  2 skeletal warriors (D:15)
  A harpy (Shoals:3)
  An orc knight (Orc:1)
  An ugly thing (D:12)
  5 slime creatures
  A cane toad (Lair:1)
  2 merfolk (Shoals:2)
  2 blink frogs (Lair:1)
  2 wraiths (Orc:2)
  An orc warrior (Orc:2)
  A bullfrog (Lair:1)
  An orc priest (Orc:2)
  2 orcs
27 creatures vanquished.

Vanquished Creatures (others)
  A black mamba (Snake:2)
  A merfolk (Shoals:4)
  A human (Snake:1)
  A bush (Lair:6)
  22 fungi
  2 lurking horrors (Lair:4)
  165 plants
  2 withered plants (D:8)
195 creatures vanquished.

Grand Total: 1231 creatures vanquished

Notes
Turn   | Place    | Note
-------+----------+-------------------------------------------
     0 | D:1      | Amplified the Minotaur Transmuter began the quest for the
                  | Orb.
     0 | D:1      | Reached XP level 1. HP: 16/16 MP: 1/1
   460 | D:1      | Reached skill level 1 in Armour
   493 | D:1      | Reached XP level 2. HP: 24/24 MP: 3/3
   870 | D:1      | Reached skill level 1 in Maces & Flails
  1440 | D:2      | Reached XP level 3. HP: 11/29 MP: 4/4
  2551 | D:2      | Learned a level 2 spell: Wereblood
  2672 | D:3      | Reached XP level 4. HP: 25/37 MP: 5/5
  2676 | D:3      | Found a stormy altar of Qazlal.
  2801 | D:3      | Became a worshipper of Qazlal Stormbringer
  2883 | D:3      | Found a snail-covered altar of Cheibriados.
  2927 | D:3      | Found a glowing drain.
  2956 | Sewer    | Entered a sewer
  2967 | Sewer    | Reached XP level 5. HP: 31/44 MP: 6/6
  3313 | Sewer    | Reached * piety under Qazlal
  3436 | Sewer    | Reached skill level 1 in Invocations
  3661 | Sewer    | Reached XP level 6. HP: 39/51 MP: 7/7
  3850 | D:3      | Noticed Natasha
  3864 | D:3      | Killed Natasha
  3864 | D:3      | Reached ** piety under Qazlal
  4067 | D:3      | Noticed Robin
  4070 | D:3      | Killed Robin
  4094 | D:3      | Found an ancient bone altar of Kikubaaqudgha.
  4272 | D:3      | Found a faded altar of an unknown god.
  4272 | D:3      | Noticed Sigmund
  4284 | D:3      | Killed Sigmund
  4285 | D:3      | Reached XP level 7. HP: 57/60 MP: 3/8
  4412 | D:3      | Noticed Natasha
  4419 | D:3      | Killed Natasha
  5064 | D:4      | Noticed Edmund
  5086 | D:4      | Killed Edmund
  5281 | D:4      | Reached skill level 5 in Dodging
  5293 | D:4      | Reached skill level 5 in Fighting
  5424 | D:4      | Reached XP level 8. HP: 68/68 MP: 9/9
  5437 | D:4      | Noticed Pikel
  5448 | D:4      | Killed Pikel
  5449 | D:4      | Reached skill level 5 in Maces & Flails
  5449 | D:4      | Reached skill level 5 in Armour
  5563 | D:4      | Found a hazy altar of Hepliaklqana.
  5564 | D:4      | Found a shimmering altar of Xom.
  5565 | D:4      | Noticed a spectral ugly thing
  5578 | D:4      | Noticed Duvessa
  5579 | D:4      | Noticed Dowan
  5598 | D:4      | Killed Duvessa
  5604 | D:4      | Killed Dowan
  5891 | D:5      | Entered Level 5 of the Dungeon
  6123 | D:5      | Reached XP level 9. HP: 54/78 MP: 11/11
  6316 | D:5      | Noticed Ijyb
  6318 | D:5      | Paralysed by Ijyb for 6 turns
  6325 | D:5      | Killed Ijyb
  6331 | D:5      | Got a distressingly furry scale mail
  6365 | D:5      | Identified the +6 scale mail of the Pirate {rF+} (You found
                  | it on level 5 of the Dungeon)
  6399 | D:5      | Found a white marble altar of Elyvilon.
  6487 | D:5      | Noticed Eustachio
  6503 | D:5      | Killed Eustachio
  6520 | D:5      | Reached skill level 5 in Invocations
  6828 | D:6      | Found Foawk's General Store.
  6856 | D:6      | Found a sacrificial altar of Ru.
  7411 | D:6      | Found the +8 lance "Wyrmbane" {slay drac, rPois rF+ rC+
                  | AC+3}
  7653 | D:7      | Reached skill level 1 in Polearms
  7753 | D:7      | Noticed a troll
  7759 | D:7      | Killed a troll
  8077 | D:7      | Found a staircase to the Ecumenical Temple.
  8633 | D:8      | Noticed a gargoyle
  8645 | D:8      | Killed a gargoyle
  8646 | D:8      | Reached XP level 10. HP: 61/88 MP: 13/13
  8849 | D:8      | Noticed a death knight
  8887 | D:8      | Killed a death knight
  9002 | D:8      | Reached *** piety under Qazlal
  9243 | D:8      | Found a basalt altar of Yredelemnul.
  9274 | D:8      | Got a steaming leather armour
  9275 | D:8      | Identified the +0 leather armour of the Earth {rF- rCorr
                  | Str+3 Int+6} (You found it on level 8 of the Dungeon)
  9782 | D:8      | Found a staircase to the Lair.
  9949 | D:9      | Reached **** piety under Qazlal
  9959 | D:9      | Reached skill level 5 in Polearms
  9964 | D:9      | Noticed a two-headed ogre
  9980 | D:9      | Killed a two-headed ogre
  9981 | D:9      | Reached XP level 11. HP: 50/97 MP: 15/15
 10955 | D:9      | Found a broken altar of Ashenzari.
 10955 | D:9      | Found an iron altar of Okawaru.
 10955 | D:9      | Found a bloodstained altar of Trog.
 10955 | D:9      | Found an opulent altar of Gozag.
 10963 | D:9      | Found a radiant altar of Vehumet.
 10970 | D:9      | Found a sparkling altar of Nemelex Xobeh.
 11119 | D:10     | Entered Level 10 of the Dungeon
 11124 | D:10     | Found a flagged portal.
 11142 | D:10     | Got an encrusted hand axe
 11154 | D:10     | Identified the +7 hand axe of the Dove {vamp, rElec} (You
                  | found it on level 10 of the Dungeon)
 11168 | Bailey   | Entered a bailey
 11323 | Bailey   | Reached ***** piety under Qazlal
 11592 | D:10     | Identified a scroll of acquirement
 11592 | D:10     | Acquired 617 gold pieces
 11796 | D:10     | Noticed a boulder beetle
 11800 | D:10     | Noticed an orb spider
 11800 | D:10     | a boulder beetle changed into an orb spider
 11816 | D:10     | Killed an orb spider
 12136 | D:11     | Killed an unseen horror
 12146 | D:11     | Noticed Sonja
 12147 | D:11     | Noticed Sonja
 12147 | D:11     | Sonja changed into Sonja the meliai
 12156 | D:11     | Killed Sonja the meliai
 12363 | D:11     | Reached skill level 10 in Fighting
 12416 | D:11     | Reached skill level 10 in Armour
 12465 | D:11     | Noticed Snorg
 12473 | D:11     | Killed Snorg
 12813 | D:11     | Found Eraag's Book Boutique.
 13309 | D:12     | Reached skill level 10 in Dodging
 13379 | D:12     | Reached XP level 12. HP: 108/108 MP: 6/17
 13787 | D:12     | Found a staircase to the Orcish Mines.
 13790 | D:12     | Noticed a two-headed ogre
 13803 | D:12     | Killed a two-headed ogre
 14627 | Lair:1   | Entered Level 1 of the Lair of Beasts
 14875 | Orc:1    | Entered Level 1 of the Orcish Mines
 15009 | Orc:1    | Found a roughly hewn altar of Beogh.
 15009 | Orc:1    | Found a transporter.
 15009 | Orc:1    | Noticed an orc high priest
 15111 | Orc:1    | Noticed an orc high priest
 15113 | Orc:1    | Noticed an orc warlord
 15155 | Orc:2    | Entered Level 2 of the Orcish Mines
 15155 | Orc:2    | Found a bloodstained altar of Trog.
 15163 | Orc:2    | Noticed Josephine
 15411 | D:13     | Noticed an ironheart preserver
 15420 | D:13     | Killed an ironheart preserver
 15427 | D:13     | Found a gate to the Vaults.
 16123 | D:14     | Noticed a centaur warrior
 16136 | D:14     | Killed a centaur warrior
 16233 | D:14     | Reached XP level 13. HP: 100/117 MP: 10/19
 16834 | D:15     | Entered Level 15 of the Dungeon
 16857 | D:15     | Reached skill level 10 in Invocations
 17038 | D:15     | Reached skill level 10 in Polearms
 17760 | D:15     | Found a staircase to the Depths.
 18390 | D:15     | Identified Roxanne's Grimoire of Clay
 18390 | D:15     | Noticed Roxanne
 18423 | D:15     | Killed Roxanne
 19274 | Lair:1   | Reached XP level 14. HP: 94/129 MP: 14/21
 20485 | Lair:2   | Found a staircase to the Snake Pit.
 21319 | Lair:3   | Noticed Fannar
 21354 | Lair:3   | Killed Fannar
 21889 | Lair:3   | Found the +9 sword of Zonguldrok {reap}
 23294 | Lair:4   | Found a staircase to the Shoals.
 23457 | Lair:4   | Found a one-way gate to the infinite horrors of the Abyss.
 23472 | Lair:4   | Found a corrupted altar of Lugonu.
 23704 | Lair:5   | Identified the +3 leather armour of the Present {Dex+3
                  | SInv} (You found it on level 5 of the Lair of Beasts)
 24572 | Lair:6   | Entered Level 6 of the Lair of Beasts
 24829 | Lair:6   | Found a shadowy altar of Dithmenos.
 24893 | Lair:6   | Reached ****** piety under Qazlal
 24936 | Lair:6   | Reached XP level 15. HP: 138/138 MP: 22/22
 25322 | Lair:6   | Found a staircase to the Slime Pits.
 26047 | Orc:2    | Noticed Jorgrun
 26048 | Orc:2    | Killed Josephine
 26300 | Orc:1    | Found a transporter.
 26340 | Orc:1    | Killed an orc warlord
 26467 | Orc:1    | Got a fine leather armour
 26586 | Orc:2    | Killed Jorgrun
 26803 | Orc:2    | Found a roughly hewn altar of Beogh.
 26871 | Orc:2    | Found a roughly hewn altar of Beogh.
 27054 | Orc:2    | Noticed Saint Roka
 27068 | Orc:2    | Killed Saint Roka
 27479 | Orc:2    | Found Xahuepp's Antique Weapon Shoppe.
 27480 | Orc:2    | Found Rogg's Antique Armour Emporium.
 27480 | Orc:2    | Found a roughly hewn altar of Beogh.
 27493 | Orc:2    | Bought scorched acid dragon scales for 1350 gold pieces
 27493 | Orc:2    | Bought a glowing scarf for 240 gold pieces
 27578 | Orc:2    | Found Ehoegif's Assorted Antiques.
 27585 | Orc:2    | Bought a scroll of teleportation for 87 gold pieces
 27585 | Orc:2    | Bought a potion of heal wounds for 145 gold pieces
 27585 | Orc:2    | Bought a potion of curing for 87 gold pieces
 27585 | Orc:2    | Bought a runed sapphire ring for 145 gold pieces
 27585 | Orc:2    | Bought a scroll of identify for 58 gold pieces
 27666 | Orc:2    | Found a roughly hewn altar of Beogh.
 27758 | Orc:2    | Found a roughly hewn altar of Beogh.
 27888 | Orc:2    | Found a staircase to the Elven Halls.
 27913 | Orc:2    | Found a roughly hewn altar of Beogh.
 27966 | Orc:2    | Found Hetastuv's Magic Scroll Shoppe.
 27973 | Orc:2    | Bought a scroll of enchant weapon for 120 gold pieces
 27973 | Orc:2    | Bought a scroll of magic mapping for 56 gold pieces
 27973 | Orc:2    | Bought a scroll of magic mapping for 56 gold pieces
 27973 | Orc:2    | Bought a scroll of fog for 32 gold pieces
 27973 | Orc:2    | Bought a scroll of identify for 32 gold pieces
 27973 | Orc:2    | Bought a scroll of vulnerability for 120 gold pieces
 28052 | Orc:2    | Identified the +6 acid dragon scales "Hurotape" {rCorr
                  | Int+2} (You bought it in a shop on level 2 of the Orcish
                  | Mines)
 28073 | Orc:2    | Identified the +1 leather armour "Feigosiq" {rElec Str+4
                  | Dex-5 SInv} (You found it on level 1 of the Orcish Mines)
 28346 | Snake:1  | Entered Level 1 of the Snake Pit
 28529 | Snake:1  | Noticed Kirke
 28542 | Snake:1  | Killed Kirke
 29305 | Snake:2  | Noticed Vashnia
 29336 | Snake:2  | Noticed a nagaraja
 29346 | Snake:2  | Killed a nagaraja
 29366 | Snake:2  | Reached XP level 16. HP: 43/147 MP: 4/25
 29728 | Elf:1    | Entered Level 1 of the Elven Halls
 29748 | Elf:1    | Identified the ring "Peisyih" {+Inv +Fly rF- Int+7}
 30291 | Shoals:1 | Entered Level 1 of the Shoals
 30564 | Shoals:1 | Found a stormy altar of Qazlal.
 30649 | Shoals:1 | Found Tolokununo's Weapon Boutique.
 31013 | Shoals:2 | Reached skill level 15 in Fighting
 31340 | Shoals:2 | Reached skill level 15 in Armour
 31874 | Shoals:2 | Noticed Polyphemus
 31899 | Shoals:2 | Reached skill level 15 in Invocations
 32571 | Shoals:2 | Killed Polyphemus
 32763 | Shoals:3 | Noticed Bai Suzhen
 32853 | Shoals:3 | Noticed Nikola
 32874 | Shoals:3 | Killed Nikola
 33224 | Shoals:3 | Killed Bai Suzhen
 33914 | Shoals:4 | Entered Level 4 of the Shoals
 33916 | Shoals:4 | Noticed Mara
 33926 | Shoals:4 | Noticed Donald
 33927 | Shoals:4 | Reached XP level 17. HP: 139/158 MP: 19/27
 33928 | Shoals:4 | Reached skill level 15 in Dodging
 33928 | Shoals:4 | Killed Donald
 33930 | Shoals:4 | Noticed Amplified's illusion
 34493 | Shoals:4 | Noticed a kraken
 34997 | Shoals:4 | HP: 7/158 [merfolk javelineer/silver javelin (22)]
 34997 | Shoals:4 | HP: 3/158 [merfolk javelineer/silver javelin (4)]
 34998 | Shoals:4 | HP: 1/158 [drowned by a water elemental (2)]
 34999 | Shoals:4 | Drowned by a water elemental

Illustrated notes

Levels and vault maps discovered:
D:1:      psy_arrival_radial02, layout_basic
D:2:      layout_basic
D:3:      layout_loops_ring, lemuel_round_altar,
          lemuel_zombie_altar_kikubaaqudgha, kennysheep_slug_shrine,
          portal_sewer_entry_b, chequers_ecumenical_altar_simple, minivault_19,
          grunt_ministairs_4, uniq_natasha, uniq_sigmund, uniq_robin
D:4:      layout_rooms, regret_index_temple_of_mockery,
          kennysheep_generic_room_5, uniq_edmund, uniq_duvessa, uniq_pikel
D:5:      layout_cave_pools, corexii_shack, elyvilon_altar_5, uniq_eustachio,
          uniq_ijyb
D:6:      layout_rooms, serial_shops, shop, st_stairs_7, columned_hall_lemuel,
          serial_bayou_pond_c, nicolae_ru_sacrificial_ziggurat
D:7:      layout_layer_cave, temple_statues
D:8:      hangedman_cross_stitches, layout_rooms, yredelemnul_altar_generic,
          lair_entry_dummy
D:9:      minmay_curly_fans, layout_basic, minmay_overflow_temple_hex,
          serial_bayou_lagoon_a, hangedman_abyss_or_decor_slice,
          kennysheep_generic_room_13
D:10:     layout_basic, enter_bailey_2
D:11:     layout_irregular_city, serial_shops, nicolae_shop_behind_doors,
          nicolae_wwwww, uniq_snorg, uniq_sonja
D:12:     layout_irregular_city, hiddenorc2_lemuel
D:13:     layout_irregular_city, skrybe_vaults_entry_preservation
D:14:     layout_roguey, solitary_fountain, serial_curves, eino_curves_04,
          eino_curves_01, minivault_15
D:15:     hangedman_depths_entry_try_elsewhere_first, layout_rooms,
          minmay_misc_feat_tiny, minmay_misc_feat_five, uniq_roxanne
Lair:1:   cheibrodos_lair_river_kwai, layout_hall_layers, st_stairs_7
Lair:2:   layout_small_grid, minmay_snake_entry_guardpost_medium, st_stairs_3,
          serial_bayou_pond_a
Lair:3:   layout_misc_corridors, uniq_fannar
Lair:4:   layout_gridlike, elwin_shoals_entry_stream, serial_bayou_ford_a,
          amcnicky_altar_lugonu_corruption, infiniplex_staircase_pool
Lair:5:   layout_cave_pods, chequers_serial_rivers_marsh, minivault_26
Lair:6:   grunt_lair_end_beastmaster, layout_misc_corridors,
          minmay_slime_entry_pillars, basic_altar, mumra_transporter_accident
Shoals:1: layout_shoals, serial_shops, shop, lemuel_centaur_altar
Shoals:2: layout_shoals, uniq_polyphemus
Shoals:3: layout_shoals, uniq_nikola, uniq_bai_suzhen
Shoals:4: shoals_end_simple, layout_shoals, uniq_donald, uniq_mara
Snake:1:  layout_gridlike, uniq_kirke
Snake:2:  layout_chambers, uniq_aizul, uniq_vashnia
Orc:1:    gammafunk_beogh_shrine, layout_caves
Orc:2:    grunt_orc_community_town_hall, layout_caves,
          grunt_orc_community_big_house_1, grunt_orc_community_big_house_1,
          grunt_orc_community_house_1, grunt_orc_community_house_1,
          grunt_orc_community_house_3, grunt_orc_community_house_3, basic_altar,
          uniq_jorgrun, uniq_josephine, uniq_saint_roka
Elf:1:    minmay_the_grid_net [minmay_the_grid_outer_diamond,
          minmay_the_grid_rooms, minmay_the_grid_spikes,
          minmay_the_grid_tri_star, minmay_the_grid_gridbox,
          minmay_the_grid_prize_inner_circle], layout_onion_city,
          kennysheep_underground_church, drop_trap, grunt_ministairs_13

Skill      XL: |  1  2  3  4  5  6  7  8  9 10 11 12 13 14 15 16 17 |
---------------+----------------------------------------------------+-----
Armour         | 1 2 3 4 6 7 9 10 11 12 14 15 16 | 16.2
Maces & Flails | 1 2 3 4 6 7 |  7.0
Fighting       | 2 3 4 5 6 7 9 10 11 13 14 15 16 | 16.3
Dodging        | 3 4 5 6 7 8 10 11 12 13 14 15 | 15.2
Invocations    | 1 2 3 4 5 7 8 9 10 11 14 15 | 15.8
Polearms       | 2 5 7 9 11 12 | 12.7
Unarmed Combat | |  3.2
Spellcasting   | |  1.3
Transmutations | |  1.5

Action                   |  1- 3 |  4- 6 |  7- 9 | 10-12 | 13-15 | 16-18 || total
-------------------------+-------+-------+-------+-------+-------+-------++-------
Melee: Whip              |   132 |    34 |       |       |       |       ||   166
       Headbutt          |    18 |    24 |    39 |   119 |   263 |   118 ||   581
       Punch             |     2 |     3 |       |    11 |    25 |     5 ||    46
       Flail             |       |   186 |   240 |       |       |       ||   426
       Kick              |       |     3 |       |       |       |     2 ||     5
       Lance             |       |       |    39 |   955 |  1609 |   756 ||  3359
Throw: Throwing net      |       |       |       |       |       |     1 ||     1
 Cast: Beastly Appendage |     2 |     1 |       |     1 |       |     1 ||     5
Invok: Upheaval          |       |     2 |    10 |    14 |    17 |    16 ||    59
       Elemental Force   |       |       |       |     4 |    10 |     1 ||    15
       Disaster Area     |       |       |       |       |     2 |     2 ||     4
Evoke: Wand              |       |       |     3 |     4 |     7 |     3 ||    17
       Condenser vane    |       |       |       |       |     3 |     2 ||     5
  Use: Scroll            |    11 |     6 |    10 |    12 |     9 |    17 ||    65
       Potion            |       |     4 |     1 |    12 |    15 |    12 ||    44
 Stab: Distracted        |       |       |       |     1 |     7 |       ||     8
       Invisible         |       |       |       |       |     8 |       ||     8
       Held in net/web   |       |       |       |       |       |     2 ||     2
       Confused          |       |       |       |       |       |     5 ||     5
Armor: Robe              |     1 |       |       |       |       |       ||     1
       Ring mail         |    52 |    89 |    37 |       |       |       ||   178
       Skin              |       |     9 |     3 |    23 |       |       ||    35
       Leather armour    |       |       |    25 |       |       |       ||    25
       Scale mail        |       |       |    56 |   223 |   310 |       ||   589
       Acid dragon scale |       |       |       |       |    46 |   218 ||   264
Dodge: Dodged            |    74 |   151 |   147 |   358 |   488 |   514 ||  1732
       Repelled          |       |       |       |     1 |    10 |     9 ||    20
Block: Other             |       |    11 |    20 |   154 |   179 |   131 ||   495
